 Dungeon Crawl Stone Soup version 0.30.1 (webtiles) character file.

Game seed: 1201553523419092013

10441 Graphine the Nimble (level 11, -12/126 HPs)
             Began as a Merfolk Gladiator on July 2, 2023.
             Was a High Priest of Okawaru.
             Mangled by a minotaur
             ... wielding a +2 war axe of electrocution
              (27 damage)
             ... in a Gauntlet.
             The game lasted 00:33:25 (9957 turns).

Graphine the Nimble (Merfolk Gladiator)             Turns: 9957, Time: 00:33:26

Health: -12/126    AC:  9    Str: 15    XL:     11   Next: 62%
Magic:  8/15       EV: 32    Int:  6    God:    Okawaru [*****.]
Gold:   631        SH: 14    Dex: 26    Spells: 10/10 levels left

rFire   . . .        a - +1 long sword (vamp)
rCold   . . .        B - +2 kite shield of Miracles {Regen+}
rNeg    + . .        b - +0 leather armour
rPois   .            c - +2 helmet
rElec   .            i - scarf "Masm" {repulsion, rN+ Int-5 Stlth+}
rCorr   .            (no gloves)
SInv    .            H - +1 pair of boots of Trumpets {Int+4}
Will    .....        k - amulet of regeneration Stlth
                     t - +6 ring of dexterity
HPRegen 2.01/turn    w - +5 ring of evasion
MPRegen 0.14/turn

%: no teleportation, repel missiles
@: berserking, heroic, very quick
A: (nimble swimmer 2), mertail
a: Renounce Religion, Heroism, Finesse, Duel


You were in a Gauntlet.
You worshipped Okawaru.
Okawaru was extremely pleased with you.
You visited 3 branches of the dungeon, and saw 11 of its levels.
You also visited: Sewer and Gauntlet.

You collected 631 gold pieces.

Inventory:

Hand Weapons
 a - a +1 vampiric long sword (weapon)
 x - a +5 trident
 L - a +4 great sword
Missiles
 d - a throwing net
 E - 5 javelins
 I - a silver boomerang (quivered)
 J - 3 datura-tipped darts
 K - 6 atropa-tipped darts
Armour
 b - a +0 leather armour (worn)
 c - a +2 helmet (worn)
 i - the scarf "Masm" (worn) {repulsion, rN+ Int-5 Stlth+}
   (Okawaru gifted it to you in a Gauntlet)

   Int:       It affects your intelligence (-5).
   rN:        It protects you from negative energy.
   Stlth:     It makes you more stealthy.
 z - a scarf of resistance
 B - the +2 kite shield of Miracles (worn) {Regen+}
   (You found it in a Gauntlet)

   Regen:     It increases your rate of health regeneration.
 H - the +1 pair of boots of Trumpets (worn) {Int+4}
   (You found it in a Gauntlet)

   Int:       It affects your intelligence (+4).
Jewellery
 k - an amulet of regeneration (around neck)
 t - a +6 ring of dexterity (left hand)
 u - a ring of positive energy
 w - a +5 ring of evasion (right hand)
 y - an amulet of reflection
 M - a ring of positive energy
Wands
 s - a wand of flame (11)
Scrolls
 m - 5 scrolls of teleportation
 n - 2 scrolls of amnesia
 o - 2 scrolls of identify
 A - a scroll of blinking
 D - a scroll of enchant armour
 F - a scroll of fog
 G - 3 scrolls of poison
Potions
 e - 2 potions of flight
 g - 2 potions of invisibility
 h - a potion of heal wounds
 j - 3 potions of lignification
 p - 4 potions of curing
 q - 4 potions of mutation
 v - a potion of brilliance
 C - 2 potions of might


   Skills:
 + Level 7.4(12.4) Fighting
 * Level 11.4(16.4) Long Blades
 * Level 9.2(14.2) Throwing
 * Level 12.5(17.5) Dodging
 * Level 1.5(6.5) Shields
 + Level 6.2 Invocations


You had 10 spell levels left.
You didn't know any spells.
Your spell library contained the following spells:

 Spells                   Type           Power      Damage    Failure   Level
 Sting                    Tmut/Pois      0%         1d3       85%         1
 Blink                    Tloc           0%         N/A       94%         2
 Lesser Beckoning         Tloc           0%         N/A       94%         2
 Poisonous Vapours        Pois/Air       0%         N/A       94%         2
 Gell's Gravitas          Tloc           0%         N/A       99%         3
 Teleport Other           Tloc           0%         N/A       99%         3
 Manifold Assault         Tloc           0%         N/A       100%        4
 Olgreb's Toxic Radiance  Pois           0%         N/A       100%        4
 Storm Form               Tmut/Air       0%         N/A       100%        7
 Borgnjor's Revivificati  Necr           0%         N/A       100%        8
 Necromutation            Tmut/Necr      0%         N/A       100%        8
 Death's Door             Necr           0%         N/A       100%        9


Dungeon Overview and Level Annotations

Branches:
Dungeon (8/15)             Temple (1/1) D:6            Lair (2/5) D:8
 Shoals (0/4) Lair:2        Snake (0/4) Lair:2        Sewer (visited)
Gauntlet (1/1)

Altars:
Cheibriados
Dithmenos
Elyvilon
Fedhas
Hepliaklqana
Makhleb
Nemelex Xobeh
Okawaru
Qazlal
Ru
Sif Muna
Uskayaw
Vehumet
Wu Jian
Yredelemnul
Zin
The Shining One

Shops:
D:2 =   D:4 :[   D:8 :

Annotations:
Gauntlet 10 transporters, exclusion: oklob plant


Innate Abilities, Weirdness & Mutations

((You are very nimble when in or above water. (Stealth+, EV+, Speed+++)))
Your lower body shifts to a powerful aquatic tail in water.


Message History

You finish taking off your +1 pair of boots.
You start putting on your armour.
You continue putting on the +1 pair of boots of Trumpets {Int+4}. x5
You finish putting on the +1 pair of boots of Trumpets {Int+4}.
You feel clever.
You drop a +0 cloak.
You drop a +1 pair of boots.
There is a transporter here.
You enter the transporter and appear at another place.
A minotaur comes into view.
It is wielding a +2 war axe of electrocution, wearing a +1 scale mail of cold resistance and wearing the amulet of Uskayaw, Sheltering {Spirit Harm rN+ Stlth+}.
The minotaur bellows!
You gain the combat prowess of a mighty hero.
You can now deal lightning-fast blows.
You slash the minotaur!
The minotaur is lightly wounded.
The minotaur hits you with a +2 war axe of electrocution!!
Ouch! That really hurt!
You block the minotaur's attack.
A red film seems to cover your vision as you go berserk!
Your finesse ends abruptly.
You feel yourself moving faster!
You feel mighty! The minotaur closely misses you.
The minotaur completely misses you.
You slash the minotaur!
You feel better.
The minotaur is moderately wounded.
You barely miss the minotaur.
The minotaur furiously retaliates!
The minotaur headbutts you!
The minotaur is moderately wounded.
You block the minotaur's attack. The minotaur barely misses you.
You slice the minotaur!!
The minotaur is severely wounded.
The minotaur hits you with a +2 war axe of electrocution!!
* * * LOW HITPOINT WARNING * * *
You are electrocuted!
* * * LOW HITPOINT WARNING * * *
The minotaur gores you but does no damage.
You slash the minotaur!
The minotaur is almost dead.
You hit the minotaur.
The minotaur is almost dead.
The minotaur hits you with a +2 war axe of electrocution!!
You die...

##########.#########.#########
#8# ...............≈# #8# ###
.8.8.8.8.8.8.8.8# ###
...............≈#
##.###.###.#####
###.###.###.###
#.............#
#.###.###.###.# #@# .# .#
#.....H...... # #######'#####
... ###


You could see a minotaur.

Vanquished Creatures
  2 fire crabs (Gauntlet)
  A moth of wrath (Gauntlet)
  3 cane toads
  3 komodo dragons
  2 polar bears
  The ghost of LavenderCorpse the Digger, a novice GrEE of Vehumet (D:5)
  A hornet (D:7)
  A wyvern (D:8)
  8 fire bats (Gauntlet)
  9 yaks
  A hell hound (Gauntlet)
  3 water moccasins (Lair:1)
  An ice beast (D:5)
  A black bear (Lair:2)
  3 ogres
  8 wolves
  A centaur (D:6)
  2 kobold brigands
  4 bullfrogs
  A gnoll sergeant (D:8)
  A scorpion (D:6)
  10 wights
  5 killer bees (D:8)
  7 electric eels (D:8)
  3 hounds
  4 jellies
  2 orc priests
  Crazy Yiuf (D:3)
  Jessica (D:2)
  An iguana (D:6)
  3 orc wizards (D:6)
  3 sleepcaps
  Robin (D:3)
  3 gnolls (D:8)
  5 river rats (Sewer)
  12 adders
  A white imp (D:5)
  3 ufetubi
  2 worms
  5 dart slugs
  22 orcs
  5 bats
  8 endoplasms
  3 giant cockroaches
  11 hobgoblins
  6 jackals (D:5)
  2 quokkas
  22 ball pythons
  8 frilled lizards
  16 goblins
  7 kobolds
  30 rats
  A butterfly (Lair:1)
270 creatures vanquished.

Notes
Turn   | Place    | Note
-------+----------+-------------------------------------------
     0 | D:1      | Graphine the Merfolk Gladiator began the quest for the Orb.
     0 | D:1      | Reached XP level 1. HP: 16/16 MP: 1/1
   229 | D:1      | Reached XP level 2. HP: 23/23 MP: 2/2
   411 | D:1      | Found a faded altar of an unknown god.
   794 | D:2      | Reached XP level 3. HP: 27/28 MP: 3/3
   818 | D:2      | Found an iron altar of Okawaru.
   819 | D:2      | Noticed Jessica
   830 | D:2      | Killed Jessica
   891 | D:2      | Reached XP level 4. HP: 34/34 MP: 4/4
   923 | D:2      | Became a worshipper of Warmaster Okawaru
   965 | D:2      | Found Mozepeasch's Jewellery Boutique.
  1045 | D:2      | Reached skill level 5 in Dodging
  1812 | D:3      | Identified the +0 helmet "Huaskean" {Contam Int+5}
  1812 | D:3      | Noticed Robin
  1830 | D:3      | Killed Robin
  1831 | D:3      | Reached XP level 5. HP: 32/41 MP: 5/5
  2268 | D:3      | Found a runed translucent door.
  2269 | D:3      | Noticed Crazy Yiuf
  2631 | D:3      | Killed Crazy Yiuf
  2873 | D:4      | Found Yriryeci's Book Shop.
  2954 | D:4      | Found Weutsim's Antique Armour Emporium.
  3233 | D:4      | Reached skill level 5 in Long Blades
  3233 | D:4      | Reached skill level 6 in Dodging
  3233 | D:4      | Reached XP level 6. HP: 47/47 MP: 6/6
  3723 | D:5      | Entered Level 5 of the Dungeon
  3762 | D:5      | Noticed an ice beast
  3763 | D:5      | Identified the +3 great mace of Dofrocw {venom, *Slow rN++
                  | Will+ Stlth+}
  3772 | D:5      | Killed an ice beast
  3773 | D:5      | Found a transporter.
  3773 | D:5      | Noticed LavenderCorpse's ghost (novice GrEE)
  3804 | D:5      | Reached * piety under Okawaru
  3832 | D:5      | Reached XP level 7. HP: 53/53 MP: 7/7
  4374 | D:5      | Reached skill level 7 in Dodging
  4436 | D:5      | Found a transporter.
  4444 | D:5      | Reached skill level 1 in Invocations
  4449 | D:5      | Killed LavenderCorpse's ghost
  4449 | D:5      | Reached ** piety under Okawaru
  4450 | D:5      | Reached XP level 8. HP: 60/60 MP: 7/9
  4735 | D:6      | Found a staircase to the Ecumenical Temple.
  4752 | D:6      | Found a glowing drain.
  4794 | Sewer    | Entered a sewer
  4829 | Sewer    | Reached skill level 8 in Dodging
  4865 | Sewer    | Reached skill level 5 in Throwing
  5451 | D:6      | Reached *** piety under Okawaru
  5563 | D:6      | Found a white marble altar of Elyvilon.
  5613 | D:6      | Reached skill level 5 in Fighting
  5613 | D:6      | Reached XP level 9. HP: 68/68 MP: 11/11
  5900 | Temple   | Entered the Ecumenical Temple
  6091 | D:7      | Noticed a hornet
  6103 | D:7      | Killed a hornet
  6104 | D:7      | Reached skill level 9 in Dodging
  6356 | D:7      | Found a shimmering blue altar of Sif Muna.
  6517 | D:7      | Found a sacrificial altar of Ru.
  6522 | D:7      | Found a basalt altar of Yredelemnul.
  6529 | D:7      | Found a blossoming altar of Fedhas.
  6532 | D:7      | Found a burning altar of Makhleb.
  6534 | D:7      | Found a radiant altar of Vehumet.
  6540 | D:7      | Found a sparkling altar of Nemelex Xobeh.
  7079 | D:8      | Found Lexap Izu's Tremendous Tomes.
  7203 | D:8      | Found a staircase to the Lair.
  7235 | D:8      | Reached **** piety under Okawaru
  7268 | D:8      | Reached skill level 10 in Dodging
  7277 | D:8      | Reached XP level 10. HP: 71/76 MP: 13/13
  7336 | D:8      | Received a gift from Okawaru
  7894 | Lair:1   | Entered Level 1 of the Lair of Beasts
  7992 | Lair:1   | Reached ***** piety under Okawaru
  8165 | Lair:1   | Reached skill level 10 in Long Blades
  8165 | Lair:1   | Reached skill level 11 in Dodging
  8173 | Lair:1   | Reached skill level 5 in Invocations
  8302 | Lair:1   | Noticed a cane toad
  8307 | Lair:1   | Killed a cane toad
  8543 | Lair:1   | Noticed a cane toad
  8560 | Lair:1   | Received a gift from Okawaru
  8882 | Lair:1   | Killed a cane toad
  8930 | Lair:2   | Noticed a cane toad
  8936 | Lair:2   | Killed a cane toad
  8937 | Lair:2   | Reached XP level 11. HP: 83/83 MP: 15/15
  9102 | Lair:2   | Found a staircase to the Shoals.
  9180 | Lair:2   | Found a staircase to the Snake Pit.
  9250 | Lair:2   | Found a gate leading to a gauntlet.
  9351 | Gauntlet | Entered a Gauntlet
  9351 | Gauntlet | Found a transporter.
  9351 | Gauntlet | Found a transporter.
  9356 | Gauntlet | Found a transporter.
  9356 | Gauntlet | Noticed a moth of wrath
  9371 | Gauntlet | Found a transporter.
  9385 | Gauntlet | Found a transporter.
  9398 | Gauntlet | Found a transporter.
  9405 | Gauntlet | Noticed a fire crab
  9414 | Gauntlet | Found a transporter.
  9473 | Gauntlet | Noticed a death scarab
  9480 | Gauntlet | Found a transporter.
  9495 | Gauntlet | Found a transporter.
  9508 | Gauntlet | Noticed an oklob plant
  9511 | Gauntlet | Found a transporter.
  9523 | Gauntlet | Found a transporter.
  9536 | Gauntlet | Noticed a cacodemon
  9539 | Gauntlet | Found a transporter.
  9606 | Gauntlet | Found a transporter.
  9616 | Gauntlet | Found a transporter.
  9616 | Gauntlet | Noticed a fire crab
  9624 | Gauntlet | Found a transporter.
  9660 | Gauntlet | Found a transporter.
  9701 | Gauntlet | Reached skill level 12 in Dodging
  9716 | Gauntlet | Killed a moth of wrath
  9723 | Gauntlet | Identified the +2 kite shield of Miracles {Regen+}
  9809 | Gauntlet | Killed a fire crab
  9879 | Gauntlet | Identified the scarf "Masm" {repulsion, rN+ Int-5 Stlth+}
                  | (Okawaru gifted it to you in a Gauntlet)
  9879 | Gauntlet | Received a gift from Okawaru
  9887 | Gauntlet | Killed a fire crab
  9888 | Gauntlet | Reached skill level 1 in Shields
  9920 | Gauntlet | Identified the +1 pair of boots of Trumpets {Int+4}
  9948 | Gauntlet | Identified the amulet of Uskayaw, Sheltering {Spirit Harm
                  | rN+ Stlth+}
  9948 | Gauntlet | Noticed a minotaur
  9957 | Gauntlet | Mangled by a minotaur

Illustrated notes

Levels and vault maps discovered:
D:1:      heliophobic_arrival_henge, layout_loops_cross,
          chequers_ecumenical_altar_simple_redux, grunt_decor_cap
D:2:      layout_basic, basic_altar, serial_shops, shop, minmay_vboxes,
          uniq_jessica
D:3:      layout_loops_ring, minmay_goblin_kobold_house,
          uniq_crazy_yiuf_cottage, uniq_robin
D:4:      layout_basic, serial_shops, shop, shop
D:5:      layout_loops_cross, gammafunk_ghost_smash,
          chequers_serial_rivers_micro_a
D:6:      layout_basic, marbit_many_paths, minmay_temple_entry_purple_smoke,
          portal_sewer_entry_a, hex_medium, kennysheep_generic_room_15
D:7:      layout_loops_ring, nicolae_overflow_hallway_of_the_gods,
          mainiacjoe_overflow_alcove_4, nicolae_fountain_basement
D:8:      wad_lake_hut, layout_loops_ring, lair_entry_dummy,
          chequers_serial_rivers_micro_e, nicolae_shop_i_like_big_books
Temple:   nicolae_temple_figure_eight
Lair:1:   layout_cave_pods, lemuel_fruit_fields
Lair:2:   layout_cave_pods, elwin_shoals_entry_rocks,
          guppyfry_snake_entry_island, gauntlet_entry_generic
Gauntlet: gammafunk_gauntlet_branching [nicolae_gauntlet_arena_flowing_pool,
          gammafunk_gauntlet_arena_crates, nicolae_gauntlet_swirl,
          gammafunk_gauntlet_arena_mazey, nicolae_gauntlet_arena_quarters,
          gammafunk_gauntlet_arena_spirals,
          gammafunk_gauntlet_arena_split_diamond, nicolae_gauntlet_arena_x,
          gauntlet_exit_watery]

Skill      XL: |  1  2  3  4  5  6  7  8  9 10 11 |
---------------+----------------------------------+-----
Long Blades    | 4 5 6 7 9 10 11 | 11.4
Dodging        | 5 6 7 8 10 11 12 | 12.5
Fighting       | 3 4 5 6 7 |  7.4
Throwing       | 3 4 5 7 8 9 |  9.2
Invocations    | 1 3 4 5 6 |  6.2
Shields        | 1 |  1.5

Action                     |  1- 3 |  4- 6 |  7- 9 | 10-12 || total
---------------------------+-------+-------+-------+-------++-------
  Melee: Long sword        |    40 |   129 |   308 |   237 ||   714
         Punch             |       |     3 |     8 |       ||    11
         Tailslap          |       |       |    12 |     4 ||    16
  Throw: Throwing net      |     2 |     2 |     5 |       ||     9
         Boomerang         |       |    96 |     8 |    68 ||   172
         Javelin           |       |    22 |    53 |     2 ||    77
 Invoke: Heroism           |       |       |     1 |     3 ||     4
         Finesse           |       |       |       |     1 ||     1
    Use: Scroll            |     3 |    10 |     8 |     4 ||    25
         Potion            |       |     2 |     2 |    10 ||    14
   Stab: Sleeping          |     2 |     1 |     1 |       ||     4
         Held in net/web   |       |     1 |     2 |       ||     3
 Armour: Leather armour    |     8 |    43 |    48 |    27 ||   126
  Dodge: Dodged            |    34 |    98 |   403 |   327 ||   862
  Block: Buckler           |       |       |    26 |    43 ||    69
         Kite shield       |       |       |       |    78 ||    78
